XFBL
BALTIMORE ORIOLES @ BOSTON RED SOX
04/21/1982
 
TOP OF THE 1ST
Baltimore Orioles batting - Pitching for Boston Red Sox : LHP Dom Chiti
Pitching: LHP Dom Chiti
Batting: SHB Willie McGee 0-0: Swinging Strike
0-1: Ball
1-1: DOUBLE (Flyball, 78XD, EV 98.8 MPH)
Batting: SHB Johnny Ray 0-0: Ground out 6-3 (Groundball, 6, EV 88.8 MPH)
Batting: LHB Dave Parker 0-0: Fly out, F7 (Flyball, 78S, EV 81.9 MPH)
Batting: RHB Dwight Evans 0-0: Ball
1-0: Called Strike
1-1: Called Strike
1-2: Ball
2-2: Strikes out looking
Top of the 1st over - 0 runs, 1 hit, 0 errors, 1 left on base; Baltimore 0 - Boston 0
BOTTOM OF THE 1ST
Boston Red Sox batting - Pitching for Baltimore Orioles : RHP Don Robinson
Pitching: RHP Don Robinson
Batting: SHB Dave Collins 0-0: Foul Ball, location: 2F
0-1: Swinging Strike
0-2: Fly out, F1 (Line Drive, P, EV 70.0 MPH)
Batting: LHB Willie Aikens 0-0: SINGLE (Line Drive, 9S, EV 86.9 MPH)
Batting: RHB Jeff Burroughs 0-0: Called Strike
0-1: Swinging Strike
0-2: Foul Ball, location: 2F
0-2: Ball
1-2: Ball
2-2: Grounds into double play, 5-4-3 (Groundball, 56, EV 76.3 MPH)
Bottom of the 1st over - 0 runs, 1 hit, 0 errors, 0 left on base; Baltimore 0 - Boston 0
TOP OF THE 2ND
Baltimore Orioles batting - Pitching for Boston Red Sox : LHP Dom Chiti
Batting: LHB Fred Lynn 0-0: Ball
1-0: Called Strike
1-1: Called Strike
1-2: Foul Ball, location: 2F
1-2: DOUBLE (Groundball, 3L, EV 98.1 MPH)
Batting: SHB Steve R Ontiveros 0-0: Called Strike
0-1: Ball
1-1: Ball
2-1: Foul Ball, location: 2F
2-2: Ball
3-2: Strikes out swinging
Batting: RHB Matt Rice 0-0: Called Strike
0-1: Ball
1-1: Ball
2-1: Ball
3-1: Fly out, F8 (Flyball, 89S, EV 92.5 MPH)
Batting: RHB Dennis Werth 0-0: Ball
1-0: Ball
2-0: Called Strike
2-1: Fly out, F7 (Flyball, 7S, EV 93.1 MPH)
Top of the 2nd over - 0 runs, 1 hit, 0 errors, 1 left on base; Baltimore 0 - Boston 0
BOTTOM OF THE 2ND
Boston Red Sox batting - Pitching for Baltimore Orioles : RHP Don Robinson
Batting: LHB George Brett 0-0: Called Strike
0-1: Ball
1-1: Ball
2-1: Called Strike
2-2: Foul Ball, location: 2F
2-2: SINGLE (Line Drive, 8RS, EV 111.3 MPH)
Batting: LHB Claudell Washington 0-0: Foul Ball, location: 2F
0-1: Ball
1-1: Foul Ball, location: 2F
1-2: Foul Ball, location: 2F
1-2: Foul Ball, location: 2F
1-2: Ball
2-2: Strikes out swinging
Batting: SHB Scotti Madison 0-0: Fly out, F2 (Popup, 15S, EV 80.6 MPH)
Batting: LHB Daryl Sconiers 0-0: Swinging Strike
0-1: Ball
1-1: DOUBLE (Line Drive, 9LM, EV 90.6 MPH)
George Brett to third
Runner from 3rd tries for Home, SAFE, throw by RF to trailing runner, SAFE at third!
Batting: RHB Kevin Klettke 0-0: Ball
1-0: Ball
2-0: DOUBLE (Line Drive, 8LXD, EV 106.3 MPH)
Daryl Sconiers scores
Batting: SHB Nelson Norman 0-0: Ball
1-0: Ball
2-0: Called Strike
2-1: Swinging Strike
2-2: Ball
3-2: Base on Balls
Batting: SHB Dave Collins 0-0: Ground out 6-3 (Groundball, 6M, EV 106.9 MPH)
Bottom of the 2nd over - 2 runs, 3 hits, 0 errors, 2 left on base; Baltimore 0 - Boston 2
TOP OF THE 3RD
Baltimore Orioles batting - Pitching for Boston Red Sox : LHP Dom Chiti
Batting: RHB Garth Iorg 0-0: Fly out, F8 (Flyball, 78D, EV 87.5 MPH)
Batting: SHB Willie McGee 0-0: Ball
1-0: Called Strike
1-1: Swinging Strike
1-2: Strikes out swinging
Batting: SHB Johnny Ray 0-0: Swinging Strike
0-1: Foul Ball, location: 2F
0-2: Ball
1-2: Foul Ball, location: 2F
1-2: Foul Ball, location: 2F
1-2: Ball
2-2: Fly out, F7 (Flyball, 78M, EV 95.6 MPH)
Top of the 3rd over - 0 runs, 0 hits, 0 errors, 0 left on base; Baltimore 0 - Boston 2
BOTTOM OF THE 3RD
Boston Red Sox batting - Pitching for Baltimore Orioles : RHP Don Robinson
Batting: LHB Willie Aikens 0-0: Foul Ball, location: 2F
0-1: Foul Ball, location: 2F
0-2: Ground out U3 (Groundball, 34, EV 98.1 MPH)
Batting: RHB Jeff Burroughs 0-0: Fly out, F8 (Line Drive, 8LD, EV 88.1 MPH)
Batting: LHB George Brett 0-0: Ball
1-0: Ball
2-0: Foul Ball, location: 2F
2-1: Swinging Strike
2-2: Ground out 3-1 (Groundball, 34D, EV 103.8 MPH)
Bottom of the 3rd over - 0 runs, 0 hits, 0 errors, 0 left on base; Baltimore 0 - Boston 2
TOP OF THE 4TH
Baltimore Orioles batting - Pitching for Boston Red Sox : LHP Dom Chiti
Batting: LHB Dave Parker 0-0: Called Strike
0-1: Ball
1-1: Foul Ball, location: 2F
1-2: Ball
2-2: Foul Ball, location: 2F
2-2: Ground out 4-3 (Groundball, 34, EV 90.0 MPH)
Batting: RHB Dwight Evans 0-0: Ball
1-0: Ball
2-0: Called Strike
2-1: Ball
3-1: Called Strike
3-2: Strikes out swinging
Batting: LHB Fred Lynn 0-0: Ball
1-0: Ball
2-0: Called Strike
2-1: Foul Ball, location: 2F
2-2: Fly out, F6 (Popup, 6MD, EV 66.9 MPH)
Top of the 4th over - 0 runs, 0 hits, 0 errors, 0 left on base; Baltimore 0 - Boston 2
BOTTOM OF THE 4TH
Boston Red Sox batting - Pitching for Baltimore Orioles : RHP Don Robinson
Batting: LHB Claudell Washington 0-0: Ball
1-0: Ball
2-0: Ball
3-0: Base on Balls
Batting: SHB Scotti Madison 0-0: Ball
1-0: Called Strike
1-1: Swinging Strike
1-2: Strikes out looking
Batting: LHB Daryl Sconiers 0-0: Ball
1-0: Grounds into double play, 6-4-3 (Groundball, 6, EV 86.3 MPH)
Bottom of the 4th over - 0 runs, 0 hits, 0 errors, 0 left on base; Baltimore 0 - Boston 2
TOP OF THE 5TH
Baltimore Orioles batting - Pitching for Boston Red Sox : LHP Dom Chiti
Batting: SHB Steve R Ontiveros 0-0: Ball
1-0: Foul Ball, location: 2F
1-1: Ground out 5-3 (Groundball, 5, EV 88.8 MPH)
Batting: RHB Matt Rice 0-0: Ball
1-0: Foul Ball, location: 2F
1-1: Fly out, F8 (Flyball, 78XD, EV 96.9 MPH)
Batting: RHB Dennis Werth 0-0: Ball
1-0: Ball
2-0: Foul Ball, location: 2F
2-1: Ball
3-1: Called Strike
3-2: Single, Error in OF, E8, batter to second base (Groundball, 6MD, EV 100.6 MPH)
Batting: RHB Garth Iorg 0-0: Ball
1-0: Foul Ball, location: 2F
1-1: Ball
2-1: Ball
3-1: Swinging Strike
3-2: Ground out 3-1 (Groundball, 34, EV 80.6 MPH)
Top of the 5th over - 0 runs, 1 hit, 1 error, 1 left on base; Baltimore 0 - Boston 2
BOTTOM OF THE 5TH
Boston Red Sox batting - Pitching for Baltimore Orioles : RHP Don Robinson
Batting: RHB Kevin Klettke 0-0: Fly out, F3 (Popup, 3, EV 75.6 MPH)
Batting: SHB Nelson Norman 0-0: Called Strike
0-1: Ground out 4-3 (Groundball, 4S, EV 92.5 MPH)
Batting: SHB Dave Collins 0-0: Ball
1-0: Ball
2-0: Ground out 6-3 (Groundball, 6, EV 106.3 MPH)
Bottom of the 5th over - 0 runs, 0 hits, 0 errors, 0 left on base; Baltimore 0 - Boston 2
TOP OF THE 6TH
Baltimore Orioles batting - Pitching for Boston Red Sox : LHP Dom Chiti
Batting: SHB Willie McGee 0-0: Called Strike
0-1: Foul Ball, location: 2F
0-2: Ground out U3 (Groundball, 34, EV 82.5 MPH)
Batting: SHB Johnny Ray 0-0: SINGLE (Line Drive, 34D, EV 96.3 MPH)
Batting: LHB Dave Parker 0-0: Ball
1-0: Called Strike
1-1: Foul Ball, location: 2F
1-2: Ball
2-2: Strikes out swinging
Batting: RHB Dwight Evans 0-0: Ground out U3 (Groundball, 34, EV 82.5 MPH)
Top of the 6th over - 0 runs, 1 hit, 0 errors, 1 left on base; Baltimore 0 - Boston 2
BOTTOM OF THE 6TH
Boston Red Sox batting - Pitching for Baltimore Orioles : RHP Don Robinson
Batting: LHB Willie Aikens 0-0: Ground out U3 (Groundball, 3L, EV 79.4 MPH)
Batting: RHB Jeff Burroughs 0-0: Called Strike
0-1: Fly out, F9 (Flyball, 9D, EV 99.4 MPH)
Batting: LHB George Brett 0-0: SINGLE (Line Drive, 78M, EV 108.1 MPH)
Batting: LHB Claudell Washington 0-0: Ball
1-0: Swinging Strike
1-1: Swinging Strike
1-2: Ground out 4-3 (Groundball, 34, EV 95.0 MPH)
Bottom of the 6th over - 0 runs, 1 hit, 0 errors, 1 left on base; Baltimore 0 - Boston 2
TOP OF THE 7TH
Baltimore Orioles batting - Pitching for Boston Red Sox : LHP Dom Chiti
Batting: LHB Fred Lynn 0-0: Foul Ball, location: 2F
0-1: SINGLE (Groundball, 6MS, EV 75.0 MPH) (infield hit)
Batting: SHB Steve R Ontiveros 0-0: Called Strike
0-1: Ball
1-1: Ball
2-1: Bunted foul
2-2: Foul Ball, location: 2F
2-2: Grounds into double play, 6-4-3 (Groundball, 6, EV 102.5 MPH)
Batting: RHB Matt Rice 0-0: Ground out 6-3 (Groundball, 6, EV 85.0 MPH)
Top of the 7th over - 0 runs, 1 hit, 0 errors, 0 left on base; Baltimore 0 - Boston 2
BOTTOM OF THE 7TH
Boston Red Sox batting - Pitching for Baltimore Orioles : RHP Don Robinson
Batting: SHB Scotti Madison 0-0: Fly out, F9 (Flyball, 89S, EV 82.5 MPH)
Batting: LHB Daryl Sconiers 0-0: Ball
1-0: Foul Ball, location: 2F
1-1: Ball
2-1: Ball
3-1: Foul Ball, location: 2F
3-2: Strikes out swinging
Batting: RHB Kevin Klettke 0-0: Ball
1-0: Ball
2-0: Ground out 6-3 (Groundball, 6, EV 105.0 MPH)
Bottom of the 7th over - 0 runs, 0 hits, 0 errors, 0 left on base; Baltimore 0 - Boston 2
TOP OF THE 8TH
Baltimore Orioles batting - Pitching for Boston Red Sox : LHP Dom Chiti
Batting: RHB Dennis Werth 0-0: Ball
1-0: Ball
2-0: Ball
3-0: Base on Balls
Batting: RHB Garth Iorg 0-0: Fly out, F3 (Popup, 3L, EV 71.3 MPH)
Batting: SHB Willie McGee 0-0: Ball
1-0: Ball
2-0: Ball
3-0: Called Strike
3-1: DOUBLE (Line Drive, 89M, EV 106.9 MPH)
Dennis Werth to third
Runner from 3rd tries for Home, SAFE, throw by RF to trailing runner, SAFE at third!
Batting: SHB Johnny Ray 0-0: Called Strike
0-1: Called Strike
0-2: Ball
1-2: Foul Ball, location: 2F
1-2: Ball
2-2: Ball
3-2: Fly out, F9 (Line Drive, 9D, EV 110.6 MPH)
Runner from 3rd tags up, SCORES, no throw by RF
Batting: LHB Dave Parker 0-0: Fly out, F8 (Flyball, 89D, EV 91.9 MPH)
Top of the 8th over - 2 runs, 1 hit, 0 errors, 0 left on base; Baltimore 2 - Boston 2
BOTTOM OF THE 8TH
Boston Red Sox batting - Pitching for Baltimore Orioles : RHP Don Robinson
Batting: SHB Nelson Norman 0-0: Ball
1-0: Ball
2-0: Ground out U3 (Groundball, 3, EV 105.0 MPH)
Batting: SHB Dave Collins 0-0: Ball
1-0: Ball
2-0: Foul Ball, location: 2F
2-1: SOLO HOME RUN (Flyball, 7D, EV 102.5 MPH), Distance : 399 ft
Batting: LHB Willie Aikens 0-0: Ball
1-0: Foul Ball, location: 2F
1-1: Called Strike
1-2: Ball
2-2: Foul Ball, location: 2F
2-2: Fly out, F9 (Flyball, 89M, EV 91.9 MPH)
Batting: RHB Jeff Burroughs 0-0: Called Strike
0-1: Ball
1-1: Called Strike
1-2: Fly out, F7 (Flyball, 7S, EV 88.8 MPH)
Bottom of the 8th over - 1 run, 1 hit, 0 errors, 0 left on base; Baltimore 2 - Boston 3
TOP OF THE 9TH
Baltimore Orioles batting - Pitching for Boston Red Sox : LHP Dom Chiti
Batting: RHB Dwight Evans 0-0: Ball
1-0: Swinging Strike
1-1: Ball
2-1: Ground out U3 (Groundball, 34, EV 101.9 MPH)
Batting: LHB Fred Lynn 0-0: Ground out 6-3 (Groundball, 6M, EV 87.5 MPH)
Batting: SHB Steve R Ontiveros 0-0: Foul Ball, location: 2F
0-1: Ball
1-1: Ball
2-1: Called Strike
2-2: Foul Ball, location: 2F
2-2: Strikes out looking
Top of the 9th over - 0 runs, 0 hits, 0 errors, 0 left on base; Baltimore 2 - Boston 3
Wednesday, July 22nd, 2020 - OOTP Baseball 21.4 Build 63